 Dungeon Crawl Stone Soup version 0.25.0-11-g1f837a76a1 (webtiles) character file.

Game seed: 7001757614309671070

5693 Delamore the Basher (level 10, -2/68 HPs)
             Began as a Gargoyle Fighter on June 26, 2020.
             Was a Priest of Qazlal.
             Killed by divine providence
             ... invoked by an orc priest
              (16 damage)
             ... on level 9 of the Dungeon.
             The game lasted 00:08:00 (8156 turns).

Delamore the Basher (Gargoyle Fighter)              Turns: 8156, Time: 00:08:00

Health: -2/68      AC: 22    Str: 23    XL:     10   Next: 76%
Magic:  10/10      EV:  5    Int:  9    God:    Qazlal [***...]
Gold:   519        SH: 16    Dex: 15    Spells: 9/9 levels left

rFire    . . .     SeeInvis .   h - +2 mace (holy)
rCold    . . .     Gourm    .   c - +0 kite shield
rNeg     + . .     Faith    .   J - +0 plate armour
rPois    ∞         Spirit   .   n - +2 helmet
rElec    +         Reflect  .   v - +0 cloak
rCorr    .         Harm     .   (no gloves)
MR       .....                  (no boots)
Stlth    ..........             (no amulet)
HPRegen  0.21/turn              t - +6 ring of dexterity
MPRegen  0.12/turn              z - ring of stealth

@: no status effects
A: negative energy resistance 1, electricity resistance, unbreathing,
petrification resistance, rot immunity, AC +7
a: Upheaval, Elemental Force, Renounce Religion


You were on level 9 of the Dungeon.
You worshipped Qazlal.
Qazlal was most pleased with you.
You were not hungry.

You visited 1 branch of the dungeon, and saw 9 of its levels.

You collected 519 gold pieces.

Inventory:

Hand Weapons
 a - a +0 flail
 h - a +2 mace of holy wrath (weapon)
Missiles
 j - 43 poisoned darts
 y - 8 javelins (quivered)
 I - 2 boomerangs of dispersal
 K - 7 atropa-tipped darts
Armour
 c - a +0 kite shield (worn)
 n - a +2 helmet (worn)
 r - a +0 helmet of see invisible
 v - a +0 cloak (worn)
 J - a +0 plate armour (worn)
Jewellery
 g - an uncursed ring of fire
 t - a +6 ring of dexterity (left hand)
 z - a ring of stealth (right hand)
Wands
 s - a wand of random effects (21)
 w - a wand of iceblast (7)
 H - a wand of digging (5)
Scrolls
 b - a scroll of enchant armour {unknown}
 e - 10 scrolls of identify
 k - a scroll of blinking {unknown}
 m - 4 scrolls of fog {unknown}
 o - a scroll of amnesia {unknown}
 q - 4 scrolls of remove curse
 u - 3 scrolls of random uselessness
 A - 2 scrolls of magic mapping {unknown}
 B - 2 scrolls of teleportation {unknown}
 C - a scroll of immolation {unknown}
 G - a scroll of fear {unknown}
 L - a scroll of enchant weapon {unknown}
Potions
 d - 4 potions of might
 i - a potion of curing {unknown}
 l - a potion of heal wounds
 p - a potion of degeneration {unknown}
 x - a potion of resistance
 D - a potion of magic {unknown}
 E - a potion of cancellation
 F - a potion of haste {unknown}
Miscellaneous
 N - a phial of floods
Comestibles
 f - 10 rations
 M - 3 chunks of flesh


   Skills:
 - Level 10.6 Fighting
 + Level 11.3 Maces & Flails
 - Level 3.2 Armour
 + Level 7.3 Shields


You had 9 spell levels left.
You didn't know any spells.
Your spell library contained the following spells:

 Spells                   Type           Power        Failure   Level  Hunger
 Beastly Appendage        Tmut           #.....       100%        1    ##.....
 Corona                   Hex            #......      100%        1    ##.....
 Magic Dart               Conj           #...         100%        1    ##.....
 Ensorcelled Hibernation  Hex/Ice        #.....       100%        2    ###....
 Searing Ray              Conj           #.....       100%        2    ###....
 Sticks to Snakes         Tmut           #.......     100%        2    ###....
 Confusing Touch          Hex            #.......     100%        3    ####...
 Dazzling Flash           Conj/Hex       #.....       100%        3    ####...
 Spider Form              Tmut/Pois      #.........   100%        3    ####...
 Tukima's Dance           Hex            #.......     100%        3    ####...
 Fulminant Prism          Conj/Hex       #.........   100%        4    #####..
 Ice Form                 Ice/Tmut       #.......     100%        4    #####..
 Iskenderun's Mystic Bla  Conj/Tloc      #.......     100%        4    #####..
 Blade Hands              Tmut           #.........   100%        5    ######.


Dungeon Overview and Level Annotations

Branches:
Dungeon (9/15)             Temple (0/1) D:4            Lair (0/6) D:9
    Orc: D:9-12

Altars:
Ashenzari
Cheibriados
Dithmenos
Hepliaklqana
Kikubaaqudgha
Makhleb
Nemelex Xobeh
Okawaru
Qazlal
Ru
Vehumet
Wu Jian
Xom
Zin


Innate Abilities, Weirdness & Mutations

You are resistant to torment.
Your stone body is resilient. (AC +7)
You are immune to poison.
You resist negative energy. (rN+)
You are resistant to electric shocks. (rElec)
You can survive without breathing.
You are immune to petrification.
You are immune to rotting.


Message History

The orc is severely wounded.
You block the yak's attack. The yak gores you but does no damage.
You block the orc's attack.
You barely miss the orc.
The orc is severely wounded.
You block the yak's attack.
The orc priest hits the plant but does no damage.
The yak gores you but does no damage.
You completely miss the orc.
The orc is severely wounded.
You block the orc's attack. You block the yak's attack. x2
The orc priest mumbles some strange prayers to Beogh against you.
Beogh smites you!
* * * LOW HITPOINT WARNING * * *
You hit the orc but do no damage.
The orc is severely wounded.
You block the yak's attack. x2
The orc priest mumbles some strange prayers to Beogh against you.
Beogh smites you!
You die...

...#..÷## . .... ##.###
..### ###.... #.###
.... .....P... (...'
#... ##.........##..##
#...###..?....... #....
#....†o..P.............
#YoP.........P.^...
#Y@♣......P..P..#'#
#......P...P..P.#..
#......P>P...P..##.
#.P....PP.......# .
#.....P..PP...P.# #
##P...P....P....###
#..PP...P....P....
##PP...P..P..#....
##.........##....


You could see 2 yaks, an orc priest and an orc.

Vanquished Creatures
  Grinder (D:6)
  Sigmund (D:6)
  7 yaks (D:9)
  A spriggan (D:8)
  A basilisk (D:9)
  Menkaure (D:6)
  3 porcupines (D:9)
  3 sky beasts
  A black bear (D:6)
  2 phantoms
  4 orc warriors
  2 ogres
  A centaur (D:8)
  3 crocodiles (D:9)
  6 bullfrogs
  2 water moccasin zombies (D:7)
  2 scorpions
  5 wights
  4 howler monkeys
  14 crimson imps
  2 hounds
  2 jellies
  An orc priest (D:9)
  Crazy Yiuf (D:2)
  An iguana (D:8)
  4 orc wizards
  9 worker ants
  A hound skeleton (D:5)
  A worker ant zombie (D:7)
  Robin (D:2)
  A gnoll (D:5)
  12 adders
  2 adder zombies (D:9)
  An ooze (D:3)
  2 adder skeletons
  4 worms
  5 dart slugs
  8 leopard geckos
  27 orcs
  15 giant cockroaches
  20 goblins
  11 hobgoblins
  15 jackals
  5 kobolds
  4 quokkas
  A ball python (D:1)
  7 bats
  5 frilled lizards
  A leopard gecko skeleton (D:9)
  10 rats
243 creatures vanquished.

Vanquished Creatures (others)
  A plant (D:9)
1 creature vanquished.

Grand Total: 244 creatures vanquished

Notes
Turn   | Place    | Note
-------+----------+-------------------------------------------
     0 | D:1      | Delamore the Gargoyle Fighter began the quest for the Orb.
     0 | D:1      | Reached XP level 1. HP: 14/14 MP: 1/1
    26 | D:1      | Reached XP level 2. HP: 18/19 MP: 2/2
   234 | D:1      | Reached skill level 3 in Maces & Flails
   245 | D:1      | Reached XP level 3. HP: 23/23 MP: 3/3
   811 | D:2      | Found a sparkling altar of Nemelex Xobeh.
   814 | D:2      | Found a hazy altar of Hepliaklqana.
   817 | D:2      | Found an ornate altar of the Wu Jian Council.
  1070 | D:2      | Noticed Robin
  1095 | D:2      | Reached XP level 4. HP: 24/29 MP: 4/4
  1102 | D:2      | Killed Robin
  1525 | D:2      | Reached skill level 4 in Maces & Flails
  1623 | D:2      | Reached XP level 5. HP: 34/34 MP: 5/5
  1636 | D:2      | Found a runed translucent door.
  1637 | D:2      | Noticed Crazy Yiuf
  1946 | D:2      | Found a faded altar of an unknown god.
  2106 | D:2      | Killed Crazy Yiuf
  2166 | D:3      | Reached skill level 5 in Fighting
  2210 | D:3      | Found a sacrificial altar of Ru.
  2397 | D:3      | Reached XP level 6. HP: 40/40 MP: 6/6
  2488 | D:3      | Found a stormy altar of Qazlal.
  2490 | D:3      | Found a snail-covered altar of Cheibriados.
  2492 | D:3      | Found a radiant altar of Vehumet.
  2550 | D:3      | Became a worshipper of Qazlal Stormbringer
  2676 | D:3      | Found a shimmering altar of Xom.
  2694 | D:3      | Reached skill level 5 in Maces & Flails
  3046 | D:4      | Reached XP level 7. HP: 43/46 MP: 7/7
  3174 | D:4      | Found a shadowy altar of Dithmenos.
  3251 | D:4      | Found a staircase to the Ecumenical Temple.
  3534 | D:5      | Entered Level 5 of the Dungeon
  3863 | D:5      | Reached * piety under Qazlal
  4002 | D:5      | Found an iron altar of Okawaru.
  4016 | D:5      | Reached skill level 6 in Maces & Flails
  4529 | D:5      | Found a burning altar of Makhleb.
  4764 | D:5      | Reached XP level 8. HP: 32/53 MP: 8/8
  4996 | D:6      | Noticed Grinder
  5011 | D:6      | Paralysed by Grinder for 3 turns
  5015 | D:6      | Killed Grinder
  5015 | D:6      | Reached skill level 7 in Maces & Flails
  5294 | D:6      | Noticed Menkaure
  5301 | D:6      | Killed Menkaure
  5318 | D:6      | Reached skill level 8 in Maces & Flails
  5328 | D:6      | Reached ** piety under Qazlal
  5346 | D:6      | Noticed Sigmund
  5364 | D:7      | Reached XP level 9. HP: 39/60 MP: 9/9
  5368 | D:7      | Found an ancient bone altar of Kikubaaqudgha.
  5488 | D:6      | Killed Sigmund
  5945 | D:7      | Reached skill level 9 in Maces & Flails
  6026 | D:7      | Found a snail-covered altar of Cheibriados.
  6189 | D:7      | Reached skill level 10 in Fighting
  6823 | D:8      | Reached *** piety under Qazlal
  6991 | D:8      | Reached skill level 10 in Maces & Flails
  7017 | D:8      | Found a glowing silver altar of Zin.
  7017 | D:8      | Noticed an angel
  7093 | D:8      | Reached XP level 10. HP: 68/68 MP: 10/10
  7282 | D:8      | Found a shattered altar of Ashenzari.
  7539 | D:9      | Reached skill level 5 in Shields
  7965 | D:9      | Reached skill level 11 in Maces & Flails
  8076 | D:9      | Found a staircase to the Lair.
  8156 | D:9      | Killed from afar by an orc priest

Illustrated notes

Levels and vault maps discovered:
D:1:      psy_arrival_dodecagon, layout_rooms
D:2:      layout_loops_corners, grunt_temple_overflow_diamond,
          chequers_ecumenical_altar_lobes, palyth_stone_intersect,
          chequers_serial_rivers_micro_e, minmay_worlds_worst_comb, uniq_robin,
          uniq_crazy_yiuf_cottage
D:3:      layout_rooms, gammafunk_temple_overflow_forgotten,
          lemuel_crystal_altar, first_ration, minmay_misc_feat_iff, led_xom_imps
D:4:      layout_loops_ring, overflow_temple_1_default,
          minmay_temple_entry_statues, st_stairs_4
D:5:      layout_basic, okawaru_altar_gauntlet_db, makhleb_grotto_becter,
          corexii_leaking_fountain, minmay_misc_feat_nine_boxes
D:6:      layout_basic, corexii_checkpoint_a, uniq_grinder, uniq_sigmund,
          uniq_menkaure
D:7:      layout_basic, kiku_gazebo_pond_becter, basic_altar
D:8:      layout_cave_pods, zin_angel, kennysheep_little_box, grunt_pizzeria
D:9:      layout_basic, minmay_lair_entry_grove,
          kennysheep_orc_monster_closet_entryway,
          hangedman_abyss_or_decor_stagger, eino_small_chamber_without_monster,
          nicolae_gozag_cash_rules_everything_around_me

Skill      XL: |  1  2  3  4  5  6  7  8  9 10 |
---------------+-------------------------------+-----
Maces & Flails | 3 4 5 6 8 10 11 | 11.3
Fighting       | 4 5 6 7 9 10 | 10.6
Shields        | 4 7 |  7.3
Armour         | |  3.2

Action                   |  1- 3 |  4- 6 |  7- 9 | 10-12 || total
-------------------------+-------+-------+-------+-------++-------
Melee: Flail             |    35 |       |       |       ||    35
       Mace              |   113 |   224 |   449 |   201 ||   987
Throw: Javelin           |       |       |       |     4 ||     4
  Use: Scroll            |       |     2 |     1 |       ||     3
       Potion            |       |       |       |     3 ||     3
  Eat: Chunk             |     1 |     7 |    13 |     4 ||    25
Armor: Scale mail        |   120 |   114 |       |       ||   234
       Ring mail         |       |    31 |   166 |       ||   197
       Plate armour      |       |       |    69 |    93 ||   162
Dodge: Dodged            |    63 |    75 |   111 |    27 ||   276
Block: Kite shield       |    99 |   102 |   302 |   169 ||   672
